 Dungeon Sprint DCSS version 0.23-a0-183-gf37f6fb (webtiles) character file.

429 digijack the Blocker (level 6, -12/56 HPs)
             Began as a Gnoll Fighter on Sept 23, 2018.
             Was an Initiate of Qazlal.
             Killed from afar by Sonja (18 damage)
             ... with a wand of acid (8)
             ... in the Dungeon (Sprint I: "Red Sonja").
             The game lasted 00:02:57 (372 turns).

digijack the Blocker (Gnoll Fighter)                 Turns: 372, Time: 00:02:57

Health: -12/56     AC:  4    Str: 20    XL:     6   Next: 98%
Magic:  13/13      EV: 11    Int: 11    God:    Qazlal [......]
Gold:   297        SH: 11    Dex: 14    Spells: 14/14 levels left

rFire    . . .     SeeInvis .   a - +0 flail
rCold    . . .     Gourm    .   c - +0 shield
rNeg     . . .     Faith    .   b - +0 scale mail
rPois    .         Spirit   .   (no helmet)
rElec    .         Reflect  .   (no cloak)
rCorr    .         Harm     .   (no gloves)
MR       .....     NoTele   +   (no boots)
Stlth    ++........             (no amulet)
HPRegen  0.18/turn              (no ring)
MPRegen  0.13/turn              (no ring)

@: lethally poisoned (-12 -> -30), corroded, slowed, very slow
A: distributed training, fangs 1, strong nose
a: Renounce Religion


You were in the Dungeon.
You worshipped Qazlal.
Qazlal was noncommittal.
You were not hungry.

You visited 1 branch You collected 297 gold pieces.

Inventory:

Hand Weapons
 a - a +0 flail (weapon)
Missiles
 m - 2 tomahawks (quivered)
Armour
 b - a +0 scale mail (worn)
 c - a +0 shield (worn)
Wands
 l - a wand of digging (12)
Scrolls
 k - a scroll of blinking
Potions
 d - a potion of might
 h - a potion of haste
 i - 2 potions of magic
 j - a potion of berserk rage
Comestibles
 f - 2 rations


   Skills:
 + Level 8.3 Fighting
 + Level 4.9 Short Blades
 + Level 4.9 Long Blades
 + Level 4.9 Axes
 + Level 6.8 Maces & Flails
 + Level 4.9 Polearms
 + Level 4.9 Staves
 + Level 4.9 Slings
 + Level 4.9 Bows
 + Level 4.9 Crossbows
 + Level 4.9 Throwing
 + Level 8.3 Armour
 + Level 4.9 Dodging
 + Level 4.9 Stealth
 + Level 8.3 Shields
 + Level 4.9 Unarmed Combat
 + Level 4.9 Spellcasting
 + Level 4.1 Conjurations
 + Level 4.1 Hexes
 + Level 4.1 Charms
 + Level 4.1 Summonings
 + Level 4.1 Necromancy
 + Level 4.1 Translocations
 + Level 4.1 Transmutations
 + Level 4.1 Fire Magic
 + Level 4.1 Ice Magic
 + Level 4.1 Air Magic
 + Level 4.1 Earth Magic
 + Level 4.1 Poison Magic
 + Level 5.4 Invocations
 + Level 4.9 Evocations


You had 14 spell levels left.
You didn't know any spells.
Your spell library was empty.

Dungeon Overview and Level Annotations

Branches:
Dungeon (1/1)

Altars:
Cheibriados
Dithmenos
Elyvilon
Fedhas
Gozag
Hepliaklqana
Kikubaaqudgha
Nemelex Xobeh
Okawaru
Qazlal
Ru
Sif Muna
Trog
Uskayaw
Vehumet
Wu Jian
Yredelemnul
Zin
The Shining One

Shops:
D %

Annotations:
D Sonja


Innate Abilities, Weirdness & Mutations

Your experience applies equally to all skills.
You have very sharp teeth.
Your uncanny sense of smell can sniff out nearby items.


Message History

Aiming: Dig
Press: ? - help, Shift-Dir - straight line, f - you Please select a direction to dig.
Okay, then.
You feel sick.
Sonja unwields an uncursed short sword of venom.
It stops dripping with poison.
Sonja wields an uncursed blowgun.
Sonja shoots a curare-tipped needle.
The curare-tipped needle hits you.
You are more poisoned.
You have difficulty breathing.
You feel yourself slow down.
There is an open door here.
You feel much better.
You feel very sick.
Sonja shoots a curare-tipped needle.
You block the curare-tipped needle.
You feel very sick.
Sonja zaps a wand.
The bolt of acid hits you!
You are splashed with acid!
The acid burns!
* * * LOW HITPOINT WARNING * * *
Sonja zaps a wand.
The bolt of acid hits you!
You die...

################
#<.#..)..#..'..#
∆∆
#..').#..').#..+
∆∆
#..#####'#####'#
#..####..#...#.#
∆∆
#..#__####..##.#
#..#_____##'#_.+
#⌠⌠#_.∩...'.K._#
####_..__##_@#+#
∆∆#_____###(#∆
∆∆∆∆
#########.## ∆
+$.$+∆∆ ∆∆ ∆
#$.$# ##.##
∆#+#∆ ∆∆∆∆∆
∆∆∆∆∆


You could see Sonja.

Vanquished Creatures
  Sigmund (D)
  A yak (D)
  An ogre (D)
  A jelly (D)
  Ijyb (D)
5 creatures vanquished.

Notes
Turn   | Place    | Note
-------+----------+-------------------------------------------
     0 | D        | digijack the Gnoll Fighter began the quest for the Orb.
     0 | D        | Reached XP level 1. HP: 23/23 MP: 1/1
     1 | D        | Noticed Ijyb
    22 | D        | Killed Ijyb
    22 | D        | Reached skill level 1 in Short Blades
    22 | D        | Reached skill level 1 in Long Blades
    22 | D        | Reached skill level 1 in Axes
    22 | D        | Reached skill level 1 in Polearms
    22 | D        | Reached skill level 1 in Staves
    22 | D        | Reached skill level 1 in Slings
    22 | D        | Reached skill level 1 in Bows
    22 | D        | Reached skill level 1 in Crossbows
    22 | D        | Reached skill level 1 in Throwing
    22 | D        | Reached skill level 1 in Dodging
    22 | D        | Reached skill level 1 in Stealth
    22 | D        | Reached skill level 1 in Unarmed Combat
    22 | D        | Reached skill level 1 in Spellcasting
    22 | D        | Reached skill level 1 in Conjurations
    22 | D        | Reached skill level 1 in Hexes
    22 | D        | Reached skill level 1 in Charms
    22 | D        | Reached skill level 1 in Summonings
    22 | D        | Reached skill level 1 in Necromancy
    22 | D        | Reached skill level 1 in Translocations
    22 | D        | Reached skill level 1 in Transmutations
    22 | D        | Reached skill level 1 in Fire Magic
    22 | D        | Reached skill level 1 in Ice Magic
    22 | D        | Reached skill level 1 in Air Magic
    22 | D        | Reached skill level 1 in Earth Magic
    22 | D        | Reached skill level 1 in Poison Magic
    22 | D        | Reached skill level 1 in Invocations
    22 | D        | Reached skill level 1 in Evocations
    22 | D        | Reached XP level 2. HP: 27/29 MP: 1/4
    22 | D        | Reached XP level 3. HP: 33/35 MP: 1/5
    31 | D        | Noticed an ogre
    37 | D        | Killed an ogre
    37 | D        | Reached skill level 5 in Maces & Flails
    37 | D        | Reached XP level 4. HP: 43/43 MP: 2/8
    96 | D        | Noticed Sigmund
   106 | D        | Killed Sigmund
   106 | D        | Reached XP level 5. HP: 26/49 MP: 8/11
   106 | D        | Reached XP level 6. HP: 29/56 MP: 8/12
   245 | D        | Found a deep blue altar of Sif Muna.
   246 | D        | Found an ornate altar of the Wu Jian Council.
   247 | D        | Found a radiant altar of Vehumet.
   276 | D        | Found Mutuer Zaci's Food Emporium.
   276 | D        | Found an ancient bone altar of Kikubaaqudgha.
   276 | D        | Found a hazy altar of Hepliaklqana.
   276 | D        | Found a hide-covered altar of Uskayaw.
   276 | D        | Found a basalt altar of Yredelemnul.
   276 | D        | Found an opulent altar of Gozag.
   276 | D        | Found a snail-covered altar of Cheibriados.
   276 | D        | Found a sacrificial altar of Ru.
   276 | D        | Found a shadowy altar of Dithmenos.
   276 | D        | Noticed a yak
   284 | D        | Killed a yak
   284 | D        | Reached skill level 5 in Invocations
   285 | D        | Found a stormy altar of Qazlal.
   285 | D        | Found a blossoming altar of Fedhas.
   285 | D        | Found a bloodstained altar of Trog.
   285 | D        | Found an iron altar of Okawaru.
   285 | D        | Found a glowing golden altar of the Shining One.
   285 | D        | Found a glowing silver altar of Zin.
   285 | D        | Found a white marble altar of Elyvilon.
   286 | D        | Found a sparkling altar of Nemelex Xobeh.
   294 | D        | Became a worshipper of Qazlal Stormbringer
   362 | D        | Noticed Sonja
   372 | D        | Killed from afar by Sonja

Vault maps used:
D:        dungeon_sprint_1

Skill      XL: |  1  2  3  4  5  6 |
---------------+-------------------+-----
Short Blades   | 1 3 4 |  4.9
Long Blades    | 1 3 4 |  4.9
Axes           | 1 3 4 |  4.9
Polearms       | 1 3 4 |  4.9
Staves         | 1 3 4 |  4.9
Slings         | 1 3 4 |  4.9
Bows           | 1 3 4 |  4.9
Crossbows      | 1 3 4 |  4.9
Throwing       | 1 3 4 |  4.9
Dodging        | 1 3 4 |  4.9
Stealth        | 1 3 4 |  4.9
Unarmed Combat | 1 3 4 |  4.9
Spellcasting   | 1 3 4 |  4.9
Conjurations   | 1 2 3 4 |  4.1
Hexes          | 1 2 3 4 |  4.1
Charms         | 1 2 3 4 |  4.1
Summonings     | 1 2 3 4 |  4.1
Necromancy     | 1 2 3 4 |  4.1
Translocations | 1 2 3 4 |  4.1
Transmutations | 1 2 3 4 |  4.1
Fire Magic     | 1 2 3 4 |  4.1
Ice Magic      | 1 2 3 4 |  4.1
Air Magic      | 1 2 3 4 |  4.1
Earth Magic    | 1 2 3 4 |  4.1
Poison Magic   | 1 2 3 4 |  4.1
Invocations    | 1 3 4 5 |  5.4
Evocations     | 1 3 4 |  4.9
Fighting       | 7 8 |  8.3
Maces & Flails | 5 6 |  6.8
Armour         | 7 8 |  8.3
Shields        | 7 8 |  8.3

Action                   |  1- 3 |  4- 6 || total
-------------------------+-------+-------++-------
Melee: Flail             |    24 |    22 ||    46
       Bite              |     4 |     5 ||     9
  Use: Potion            |       |     2 ||     2
Armor: Scale mail        |     7 |     3 ||    10
Dodge: Dodged            |     6 |    10 ||    16
Block: Shield            |     8 |    11 ||    19

Table legend:
 A = Non-vault XP
 B = Vault XP
 C = Vault XP percentage of total XP
 D = Non-vault monster count
 E = Vault monster count
 F = Vault count percentage of total count
                 A         B        C        D         E       F
            +---------+---------+-------+---------+---------+-------
      Total |       0 |     614 | 100.0 |       0 |       5 | 100.0
            +---------+---------+-------+---------+---------+-------
          D |       0 |     614 | 100.0 |       0 |       5 | 100.0
            +---------+---------+-------+---------+---------+-------
